 Dungeon Crawl Stone Soup version 0.18-a0-775-g4d9e04e (webtiles) character file.

16835 Eptagon the Thaumaturge (level 12, -6/63 HPs)
             Began as a Deep Elf Fire Elementalist on Dec 13, 2015.
             Was a High Priest of Vehumet.
             Mangled by Maud
             ... wielding a +2 glaive of chopping
              (12 damage)
             ... on level 4 of the Lair of Beasts.
             The game lasted 00:57:20 (15714 turns).

Eptagon the Thaumaturge (DEFE)                     Turns: 15714, Time: 00:57:20

Health: -6/63      AC: 16    Str: 12    XL:     12   Next: 13%
Magic:  18/32      EV:  9    Int: 25    God:    Vehumet [*****.]
Gold:   845        SH:  6    Dex: 15    Spells: 8 memorised, 14 levels left

rFire  . . .     SeeInvis .     a - +3 trident (venom)
rCold  . . .     Clarity  .     n - +0 pearl dragon armour
rNeg   + . .     SustAt   .     J - +1 buckler "Guureost" {rPois}
rPois  +         Gourm    .     i - +0 helmet
rElec  .         Spirit   .     y - +1 cloak
rCorr  .         Dismiss  +     g - +0 pair of gloves
rMut   .         Stasis   .     E - +0 pair of boots
MR     +....                    q - amulet of dismissal
Stlth  +.........               I - +3 ring of strength
                                k - +3 ring of intelligence

@: very slightly contaminated, invisible, somewhat resistant to hostile
enchantments, very unstealthy
A: no striking features
a: Renounce Religion


You were on level 4 of the Lair of Beasts.
You worshipped Vehumet.
Vehumet was extremely pleased with you.
You were not hungry.

You visited 3 branches of the dungeon, and saw 15 of its levels.

You collected 845 gold pieces.

Inventory:

Hand Weapons
 a - a +3 trident of venom (weapon)
 b - a +2 long sword of electrocution
Armour
 g - a +0 pair of gloves (worn)
 i - a +0 helmet (worn)
 n - a +0 pearl dragon armour (worn)
 y - a +1 cloak (worn)
 D - a +1 leather armour of cold resistance
 E - a +0 pair of boots (worn)
 J - the +1 buckler "Guureost" (worn) {rPois}
   (You found it on level 8 of the Dungeon)

   It protects you from poison.
Jewellery
 k - a +3 ring of intelligence (left hand)
 q - an amulet of dismissal (around neck)
 r - an uncursed ring of ice
 s - an uncursed ring of flight
 I - a +3 ring of strength (right hand)
 O - an uncursed ring of magical power
Wands
 d - a wand of teleportation (3)
 f - a wand of draining (9)
 A - a wand of draining (4)
 C - a wand of disintegration (13)
 K - a wand of paralysis (5)
 L - a wand of digging (15)
 M - a wand of disintegration (10)
 P - a wand of fire (4)
Scrolls
 l - a scroll of holy word
 p - 2 scrolls of magic mapping
 v - 3 scrolls of amnesia
 B - 4 scrolls of teleportation
 F - a scroll of remove curse
 G - a scroll of fog
Potions
 e - a potion of haste
 h - 4 potions of brilliance
 j - 2 potions of curing
 o - 5 potions of agility
 t - 2 potions of might
 u - 3 potions of flight
 z - a potion of cure mutation
 H - a potion of invisibility
 N - 2 potions of ambrosia
Comestibles
 c - 8 bread rations
 m - 14 meat rations
 w - 11 fruits
 R - a beef jerky


   Skills:
 + Level 2.3 Fighting
 + Level 2.0 Armour
 - Level 2.4 Dodging
 - Level 2.4 Stealth
 - Level 4.0 Shields
 - Level 14.0 Spellcasting
 + Level 11.6 Conjurations
 + Level 12.7 Fire Magic


You had 14 spell levels left.
You knew the following spells:

 Your Spells              Type           Power        Failure   Level  Hunger
a - Flame Tongue          Conj/Fire      #####        1%          1    None
b - Throw Flame           Conj/Fire      ######       1%          2    None
c - Conjure Flame         Conj/Fire      ######..     1%          3    None
f - Fireball              Conj/Fire      ######....   1%          5    ##.....
i - Throw Icicle          Conj/Ice       #####...     7%          4    None
s - Sticky Flame          Conj/Fire      ######..     1%          4    None
C - Mephitic Cloud        Conj/Pois/Air  #####...     4%          3    None
I - Inner Flame           Hex/Fire       #####...     2%          3    None


Dungeon Overview and Level Annotations

Branches:
Dungeon (10/15)            Temple (1/1) D:7            Lair (4/8) D:10
    Orc (0/2) D:9
  Swamp: Lair:3-6    Shoals: Lair:3-6     Snake: Lair:3-6    Spider: Lair:3-6

Altars:
Ashenzari
Cheibriados
Dithmenos
Elyvilon
Fedhas
Gozag
Kikubaaqudgha
Makhleb
Nemelex Xobeh
Okawaru
Pakellas
Qazlal
Ru
Sif Muna
Trog
Vehumet
Xom
Yredelemnul
Zin
The Shining One

Shops:
D:5 [

Annotations:
Lair:4 Maud


Message History

The fireball engulfs Maud.
Maud is moderately wounded.
You hear a loud, deep croak!
Maud burns!
Maud hits you with a glaive of chopping!!
* * * LOW HITPOINT WARNING * * *
x2 Read which item? (? for menu, Esc to quit)
Okay, then.
Evoke which item? (* to show all) (? for menu, Esc to quit)
Okay, then.
Drink which item? (? for menu, Esc to quit)
You fade into invisibility!
The bush is engulfed in roaring flames.
Maud burns!
Maud hits you with a glaive of chopping!
* * * LOW HITPOINT WARNING * * *
x2 You are very lightly contaminated with residual magic.
Maud burns!
The bush is engulfed in roaring flames.
Maud hits you from afar with a glaive of chopping!
You die...

.#.... .......
.....# # ....# .#
#..## ..#
##...###k.####.
.####.............
.........@.......
.......@##.#...#.
#####P...###...#
#....####..#
###!ยง..@..(#
#........##
#....>.....# ##
##....#....### #.#
##...P#...#..####


You could see Maud (burning) and a fire drake (wandering).

Vanquished Creatures
  Fannar (D:10)
  A hydra (Lair:1)
  Erica (Lair:2)
  2 hill giants (D:10)
  A black mamba (Lair:3)
  Psyche (D:10)
  A centaur skeleton (D:9)
  6 komodo dragons
  7 spiny frogs
  A polar bear (Lair:3)
  6 hippogriffs
  A hungry ghost (D:10)
  Menkaure (D:5)
  3 wargs (D:9)
  4 wolves (Lair:2)
  Duvessa (D:4)
  2 ice beasts
  6 water moccasins
  2 ogres
  6 porcupines
  2 phantoms
  3 orc warriors
  2 wasps
  2 centaurs
  A sky beast (D:8)
  5 crocodiles
  A big kobold (D:10)
  13 giant frogs
  6 scorpions
  Dowan (D:4)
  14 wights
  8 killer bees (D:9)
  6 crimson imps
  2 quasits
  A giant frog skeleton (D:6)
  4 hounds
  9 orc priests
  A giant frog zombie (D:5)
  3 jellies
  Crazy Yiuf (D:3)
  Ijyb (D:3)
  2 orc wizards (D:9)
  5 worker ants
  13 iguanas
  A killer bee zombie (D:3)
  15 sheep (Lair:3)
  2 hound skeletons
  A hound zombie (D:9)
  39 river rats
  11 adders
  3 gnolls (D:4)
  3 shadow imps
  An adder zombie (D:5)
  6 worms
  3 giant geckos (D:3)
  32 orcs
  11 bats
  4 giant cockroaches
  9 goblins
  11 hobgoblins
  12 kobolds
  4 quokkas
  6 giant newts
  10 jackals
  A quokka skeleton (D:7)
  A quokka zombie (D:7)
  6 rats
  A bush (D:3)
  3 fungi (D:3)
356 creatures vanquished.

Vanquished Creatures (others)
  An adder (D:9)
1 creature vanquished.

Grand Total: 357 creatures vanquished

Notes
Turn   | Place    | Note
--------------------------------------------------------------
     0 | D:1      | Eptagon the Deep Elf Fire Elementalist began the quest for the Orb.
     0 | D:1      | Reached XP level 1. HP: 10/10 MP: 6/6
   248 | D:1      | Reached XP level 2. HP: 15/15 MP: 6/8
   888 | D:1      | You fall through a shaft!
   901 | D:2      | Learned a level 2 spell: Throw Flame
   943 | D:2      | Found a shadowy altar of Dithmenos.
  1066 | D:2      | Reached skill level 4 in Spellcasting
  1074 | D:2      | Reached skill level 7 in Spellcasting
  1074 | D:2      | Reached skill level 5 in Conjurations
  1074 | D:2      | Reached XP level 3. HP: 19/19 MP: 4/14
  1087 | D:2      | Learned a level 3 spell: Conjure Flame
  1159 | D:2      | Reached XP level 4. HP: 24/24 MP: 12/15
  1485 | D:2      | Learned a level 4 spell: Sticky Flame
  2018 | D:3      | Noticed Ijyb
  2026 | D:3      | Killed Ijyb
  2026 | D:3      | Reached skill level 8 in Spellcasting
  2026 | D:3      | Reached XP level 5. HP: 28/28 MP: 2/17
  2309 | D:3      | Found a sacrificial altar of Ru.
  2714 | D:3      | Learned a level 5 spell: Fireball
  2877 | D:3      | Noticed an ogre
  2882 | D:3      | Killed an ogre
  2882 | D:3      | Reached XP level 6. HP: 32/32 MP: 11/19
  3252 | D:3      | Noticed Crazy Yiuf
  3261 | D:3      | Killed Crazy Yiuf
  3430 | D:4      | Noticed Dowan
  3433 | D:4      | Killed Dowan
  3434 | D:4      | Noticed Duvessa
  3801 | D:4      | Found a stormy altar of Qazlal.
  3889 | D:4      | Killed Duvessa
  3889 | D:4      | Reached XP level 7. HP: 2/36 MP: 12/21
  3937 | D:4      | Reached skill level 9 in Spellcasting
  4747 | D:5      | Entered Level 5 of the Dungeon
  4830 | D:5      | Found Peikios's Antique Armour Shop.
  4997 | D:5      | Reached XP level 8. HP: 35/41 MP: 0/23
  5173 | D:5      | Noticed Menkaure
  5177 | D:5      | Killed Menkaure
  5742 | D:6      | Reached skill level 10 in Spellcasting
  6519 | D:6      | Found an opulent altar of Gozag.
  6520 | D:6      | Found a shattered altar of Ashenzari.
  6794 | D:7      | Found an oddly glowing altar of Pakellas.
  6959 | D:7      | Reached XP level 9. HP: 45/45 MP: 18/25
  7056 | D:7      | Found a staircase to the Ecumenical Temple.
  7073 | Temple   | Entered the Ecumenical Temple
  7147 | Temple   | Became a worshipper of Vehumet
  7377 | D:7      | Found a shadowy altar of Dithmenos.
  7431 | D:8      | Got a crude buckler
  7437 | D:8      | Identified the +1 buckler "Guureost" {rPois} (You found it on level 8 of the Dungeon)
  7454 | D:8      | Identified Ilarhala's Theurgy, Part One (You found it on level 8 of the Dungeon)
  7882 | D:9      | Noticed a centaur skeleton
  7891 | D:9      | Killed a centaur skeleton
  7891 | D:9      | Reached skill level 11 in Spellcasting
  7910 | D:9      | Found a blossoming altar of Fedhas.
  8470 | D:9      | Found a staircase to the Orcish Mines.
  8641 | D:9      | Reached * piety under Vehumet
  8641 | D:9      | Offered knowledge of Sandblast by Vehumet.
  8970 | D:9      | Reached skill level 10 in Fire Magic
  9329 | D:9      | Reached XP level 10. HP: 50/50 MP: 7/27
  9599 | D:9      | Found a burning altar of Makhleb.
  9869 | D:9      | Reached skill level 10 in Conjurations
 10044 | D:9      | Found a deep blue altar of Sif Muna.
 10326 | D:9      | Reached skill level 12 in Spellcasting
 10460 | D:10     | Entered Level 10 of the Dungeon
 10512 | D:10     | Offered knowledge of Throw Frost by Vehumet.
 10515 | D:10     | Reached ** piety under Vehumet
 10701 | D:10     | Found a staircase to the Lair.
 10754 | D:10     | Noticed a hill giant
 10768 | D:10     | Killed a hill giant
 11145 | D:10     | Noticed Fannar
 11148 | D:10     | Killed Fannar
 11157 | D:10     | Noticed Psyche
 11290 | D:10     | Killed Psyche
 11455 | D:10     | Noticed a hill giant
 11463 | D:10     | Killed a hill giant
 11463 | D:10     | Reached skill level 13 in Spellcasting
 11558 | D:10     | Reached XP level 11. HP: 35/54 MP: 30/30
 11665 | Lair:1   | Entered Level 1 of the Lair of Beasts
 11688 | Lair:1   | Offered knowledge of Mephitic Cloud by Vehumet.
 11694 | Lair:1   | Learned a level 3 spell: Mephitic Cloud
 11787 | Lair:1   | Reached skill level 1 in Shields
 11873 | Lair:1   | Noticed a four-headed hydra
 11882 | Lair:1   | Killed a four-headed hydra
 11882 | Lair:1   | Reached *** piety under Vehumet
 12243 | Lair:1   | Offered knowledge of Throw Icicle by Vehumet.
 12704 | Lair:1   | Learned a level 4 spell: Throw Icicle
 13287 | Lair:2   | Reached **** piety under Vehumet
 13317 | Lair:2   | Noticed Erica
 13327 | Lair:2   | Killed Erica
 13367 | Lair:2   | Offered knowledge of Lee's Rapid Deconstruction by Vehumet.
 13367 | Lair:2   | Reached skill level 14 in Spellcasting
 14332 | Lair:2   | Reached skill level 1 in Fighting
 14332 | Lair:2   | Reached skill level 1 in Armour
 14855 | Lair:3   | Learned a level 3 spell: Inner Flame
 15073 | Lair:3   | Reached XP level 12. HP: 61/61 MP: 28/32
 15085 | Lair:3   | Reached ***** piety under Vehumet
 15174 | Lair:3   | Offered knowledge of Bolt of Cold by Vehumet.
 15689 | Lair:4   | Noticed Maud
 15714 | Lair:4   | Mangled by Maud

Vault maps used:
D:1:      dpeg_arrival_chambers_temple_mockup, nrook_uturn
D:2:      lemuel_coloured_pillars_altar
D:3:      nicolae_ru_the_path_less_chosen, uniq_crazy_yiuf_cottage, uniq_iyjb
D:4:      nicolae_overflow_hidden_temple, first_bread, minmay_strange_pillars,
          serial_bayou_pond_c, kennysheep_generic_room_4, uniq_duvessa
D:5:      serial_shops, nicolae_shop_overgrown_old_shop, uniq_menkaure
D:6:      gammafunk_temple_overflow_statue, hangedman_glass_teeth
D:7:      kennysheep_mini, minmay_temple_entry_trees, basic_altar
D:9:      marbit_many_paths, kennysheep_mini_moat, bloody_makhleb,
          minmay_orc_entry_guard_dogs
D:10:     dpeg_lair_monsters, uniq_fannar, uniq_psyche
Temple:   triangle_lava_temple_12
Lair:1:   serial_bayou_pond_a, bh_autumn_forest_stairs, lemuel_fruit_tree,
          grunt_megastairs_4
Lair:2:   uniq_erica
Lair:3:   beast_lair_carwin_large_3, roderic_lost_polar_bear
Lair:4:   grunt_forest_large_clearing_hut, uniq_maud

Action                   |  1- 3 |  4- 6 |  7- 9 | 10-12 || total
-------------------------+-------+-------+-------+-------++-------
Melee: Dagger            |     1 |    17 |       |       ||    18
       Quarterstaff      |       |     5 |    47 |       ||    52
       Trident           |       |       |   100 |   320 ||   420
 Cast: Flame Tongue      |    38 |    93 |   108 |    50 ||   289
       Sticky Flame      |       |     7 |    32 |    69 ||   108
       Conjure Flame     |       |     6 |    22 |    15 ||    43
       Throw Flame       |       |    13 |    17 |    20 ||    50
       Fireball          |       |     1 |    15 |    29 ||    45
       Throw Icicle      |       |       |       |     4 ||     4
       Inner Flame       |       |       |       |     1 ||     1
Evoke: Wand              |       |     1 |     3 |     2 ||     6
  Use: Scroll            |     6 |     7 |    12 |     6 ||    31
       Potion            |     1 |       |       |     3 ||     4
 Stab: Sleeping          |       |       |     4 |       ||     4
       Distracted        |       |       |     1 |       ||     1
  Eat: Chunk             |     1 |     8 |    17 |    21 ||    47
       Beef jerky        |       |       |     1 |     1 ||     2
       Pizza             |       |       |       |     1 ||     1
       Fruit             |       |       |       |     1 ||     1
